 Dungeon Crawl Stone Soup version 0.27-a0-1434-g6f15984924 (webtiles) character file.

Game seed: 13970738960073303813

8675 vurker the Zephyrmancer (level 11, -2/67 HPs)
             Began as a Tengu Air Elementalist on July 3, 2021.
             Was a Follower of Vehumet.
             Slain by Harold (24 damage)
             ... on level 9 of the Dungeon.
             The game lasted 00:16:30 (10133 turns).

vurker the Zephyrmancer (Tengu Air Elementalist)   Turns: 10133, Time: 00:16:31

Health: -2/67      AC:  2    Str: 10    XL:     11   Next: 34%
Magic:  12/25      EV: 16    Int: 24    God:    Vehumet [*.....]
Gold:   1735       SH:  4    Dex: 14    Spells: 24/29 levels left

rFire    . . .     SeeInvis .   d - +1 short sword (spect)
rCold    . . .     Faith    .   g - +0 buckler
rNeg     + . .     Spirit   .   a - +0 robe
rPois    .         Reflect  .   (helmet restricted)
rElec    .         Harm     .   (no cloak)
rCorr    .         Rampage  .   (no gloves)
Will     .....                  (boots unavailable)
Stlth    ++........             k - amulet of magic regeneration
HPRegen  0.21/turn              b - +6 ring of intelligence
MPRegen  0.44/turn              p - ring of positive energy

@: marked, flying quickly and evasively, quick
A: beak, talons 3, nimble flight
a: Renounce Religion


You were on level 9 of the Dungeon.
You worshipped Vehumet.
Vehumet was aware of your devotion.
You visited 1 branch of the dungeon, and saw 10 of its levels.

You collected 1759 gold pieces.
You spent 24 gold pieces at shops.

Inventory:

Hand Weapons
 d - a +1 spectral short sword (weapon)
   (You took it off a kobold on level 1 of the Dungeon)
Missiles
 c - a throwing net
Armour
 a - a +0 robe (worn)
 g - a +0 buckler (worn)
   (You found it on level 9 of the Dungeon)
Jewellery
 b - a +6 ring of intelligence (left hand)
   (You found it on level 1 of the Dungeon)
 k - an amulet of magic regeneration (around neck)
   (You found it on level 1 of the Dungeon)
 p - a ring of positive energy (right hand)
   (You found it on level 3 of the Dungeon)
Wands
 s - a wand of polymorph (2)
   (You found it on level 4 of the Dungeon)
 t - a wand of flame (40)
   (You found it on level 8 of the Dungeon)
 u - a wand of paralysis (9)
   (You found it on level 7 of the Dungeon)
Scrolls
 f - a scroll of amnesia
 i - a scroll of fog
 l - 3 scrolls of enchant weapon
 v - a scroll of fear
 x - a scroll of magic mapping
Potions
 e - 2 potions of cancellation
 j - 2 potions of curing
 m - 2 potions of berserk rage {unknown}
 o - 3 potions of brilliance
 q - a potion of ambrosia {unknown}
 r - 4 potions of heal wounds
 w - a potion of might {unknown}


   Skills:
 + Level 7.2 Fighting
 + Level 6.1 Dodging
 - Level 2.0 Stealth
 + Level 0.7 Shields
 * Level 9.8 Spellcasting
 - Level 1.3 Conjurations
 * Level 13.6 Air Magic


You had 24 spell levels left.
You knew the following spells:

 Your Spells              Type           Power      Damage    Failure   Level
a - Shock                 Conj/Air       100%       1d9       1%          1
c - Airstrike             Air            33%        N/A       1%          4

Your spell library contained the following spells:

 Spells                   Type           Power      Damage    Failure   Level
 Static Discharge         Conj/Air       47%        N/A       1%          2
 Swiftness                Air            67%        N/A       1%          3
 Mephitic Cloud           Conj/Pois/Air  35%        N/A       3%          3
 Magic Dart               Conj           72%        1d6       4%          1
 Foxfire                  Conj/Fire      60%        2x1d7     6%          1
 Searing Ray              Conj           36%        3d4       7%          2
 Animate Skeleton         Necr           22%        N/A       9%          1
 Apportation              Tloc           22%        N/A       9%          1
 Beastly Appendage        Tmut           22%        N/A       9%          1
 Corona                   Hex            12%        N/A       9%          1
 Freeze                   Ice            44%        1d6       9%          1
 Sandblast                Erth           22%        2d7       9%          1
 Summon Small Mammal      Summ           44%        N/A       9%          1
 Call Imp                 Summ           11%        N/A       12%         2
 Passwall                 Tmut/Erth      9%         N/A       12%         2
 Sublimation of Blood     Necr           5%         N/A       12%         2
 Wereblood                Tmut           11%        N/A       12%         2
 Conjure Flame            Conj/Fire      15%        6-21      19%         3
 Frozen Ramparts          Ice            22%        1d4       24%         3
 Inner Flame              Hex/Fire       11%        N/A       24%         3
 Spider Form              Tmut/Pois      5%         N/A       24%         3
 Tukima's Dance           Hex            11%        N/A       24%         3
 Fulminant Prism          Conj/Hex       7%         3d7       52%         4
 Hailstorm                Conj/Ice       15%        3d5       52%         4
 Ice Form                 Ice/Tmut       11%        N/A       63%         4
 Passage of Golubria      Tloc           N/A        N/A       63%         4
 Petrify                  Tmut/Erth      11%        N/A       63%         4
 Summon Ice Beast         Ice/Summ       11%        N/A       63%         4
 Irradiate                Conj/Tmut      7%         3d15      86%         5
 Lee's Rapid Deconstruct  Erth           5%         3d7*      92%         5
 Summon Forest            Summ/Tloc      5%         N/A       92%         5
 Yara's Violent Unravell  Hex/Tmut       5%         3d4       92%         5
 Eringya's Noxious Bog    Tmut/Pois      5%         N/A       100%        6
 Summon Hydra             Summ           5%         N/A       100%        7


Dungeon Overview and Level Annotations

Branches:
Dungeon (10/15)            Temple (0/1) D:7
   Lair: D:8-11         Orc: D:9-12

Altars:
Fedhas
Gozag
Hepliaklqana
Qazlal
Sif Muna
Uskayaw
Vehumet
Xom
Yredelemnul

Shops:
D:4 ?   D:5 [

Annotations:
D:9 Harold
D:10 Gastronok


Innate Abilities, Weirdness & Mutations

You have a beak for a mouth.
You have claws for feet.
Your magical nature lets you fly swiftly and evasively.


Message History

Okay, then.
There is a stone staircase leading down here.
You fly downwards.
There is a stone staircase leading up, spattered with blood here.
Found a basalt altar of Yredelemnul.
Found 11 gold pieces.
Found 8 gold pieces.
Found 16 gold pieces.
Found a robe.
Found a potion of curing.
You see here a +0 robe.
You now have 1719 gold pieces (gained 8).
You now have 1735 gold pieces (gained 16).
Found a stone staircase leading up.
Harold and Gastronok come into view.
Harold is wielding a +4 long sword of holy wrath.
Gastronok gurgles horribly!
Harold shouts!
Harold throws a throwing net.
The throwing net completely misses you.
You see here a throwing net.
An acid dragon comes into view.
Harold throws a throwing net.
The throwing net barely misses you.
You see here a throwing net.
There is a stone staircase leading up here.
You can't see any susceptible monsters within range! (Use Z to cast anyway.) Harold throws a throwing net.
The throwing net closely misses you.
Aim: Harold, wielding a +4 long sword of holy wrath, wearing a +0 scale mail and quivering a throwing net The air twists around and strikes Harold!
Gastronok waves his eye-stalks in wide circles.
The air twists around and strikes you!!
Aim: Harold, wielding a +4 long sword of holy wrath, wearing a +0 scale mail and quivering a throwing net (lightly wounded)
The air twists around and strikes Harold!
Harold casts a spell at you. A sentinel's mark forms upon you.
You fly upwards.
There is a stone staircase leading down here.
Okay, then.
Unknown command.
Okay, then.
Okay, then.
Unknown command.
Harold resists with almost no effort.
Harold hits you with a +4 long sword of holy wrath!
* * * LOW HITPOINT WARNING * * *
Aim: Harold, wielding a +4 long sword of holy wrath, wearing a +0 scale mail and quivering a throwing net (moderately wounded)
The air twists around and strikes Harold!
Harold barely misses you.
Aim: Harold, wielding a +4 long sword of holy wrath, wearing a +0 scale mail and quivering a throwing net (heavily wounded)
The air twists around and strikes Harold!!
Harold hits you with a +4 long sword of holy wrath!!
You die...

...# #.........# #.#
...# #.........# #.#
##.# #.........# #.#
.#.# #......(..# #.#
.### #.........# #.#
.### #######..## #.#
...## ######..### #.#
....## #.....@...# #.#
≈....#####.####.@#Z###.#
≈≈...##.....)!.#.......#
.≈≈...####.###.#.#######
)≈≈...# #.###.#.#
.≈≈...# #.....#.#
≈≈...## #######.#####
≈....# #.....# ....##
#####.# ####### ...##
#.# #....z.


You could see Harold.

Vanquished Creatures
  3 two-headed ogres (D:9)
  Nergalle (D:9)
  2 skeletal warriors (D:9)
  An ugly thing (D:7)
  A cyclops (D:8)
  Maggie (D:6)
  A hornet (D:9)
  Grinder (D:6)
  4 yaks (D:9)
  Eustachio (D:4)
  2 steam dragons
  Edmund (D:6)
  A water moccasin (D:9)
  An orc warrior (D:9)
  2 ice beasts
  A sky beast (D:7)
  A hornet zombie (D:6)
  3 ogres
  A centaur (D:7)
  A wyvern zombie (D:7)
  A bullfrog (D:8)
  A gnoll sergeant (D:6)
  A scorpion (D:4)
  4 killer bees
  5 wights (D:6)
  4 howler monkeys
  4 centaur zombies
  3 orc priests
  2 bullfrog skeletons
  A centaur skeleton (D:6)
  A jelly (D:6)
  Jessica (D:3)
  2 iguanas
  5 orc wizards
  2 hound skeletons
  A howler monkey skeleton (D:3)
  Robin (D:4)
  3 adders
  6 gnolls
  A worm (D:2)
  2 dart slugs
  15 orcs
  10 endoplasms
  3 giant cockroaches (D:1)
  16 goblins
  8 hobgoblins
  4 jackals
  4 quokkas
  4 ball pythons
  6 bats
  4 frilled lizards
  11 kobolds
  6 rats
172 creatures vanquished.

Vanquished Creatures (others)
  2 withered plants (D:10)
2 creatures vanquished.

Grand Total: 174 creatures vanquished

Notes
Turn   | Place    | Note
-------+----------+-------------------------------------------
     0 | D:1      | vurker the Tengu Air Elementalist began the quest for the
                  | Orb.
     0 | D:1      | Reached XP level 1. HP: 10/10 MP: 4/4
   192 | D:1      | Reached XP level 2. HP: 10/16 MP: 0/6
   570 | D:1      | You fall into a shaft and drop 1 floor!
   616 | D:3      | Reached XP level 3. HP: 16/20 MP: 1/7
   729 | D:3      | Reached skill level 1 in Fighting
  1423 | D:1      | Reached skill level 5 in Air Magic
  1662 | D:2      | Reached XP level 4. HP: 25/25 MP: 6/9
  1869 | D:2      | Found a stormy altar of Qazlal.
  2413 | D:3      | Found an opulent altar of Gozag.
  2682 | D:3      | Noticed Jessica
  2694 | D:3      | Killed Jessica
  2695 | D:3      | Gained mutation: Your magical nature lets you fly swiftly
                  | and evasively. [Tengu growth]
  2695 | D:3      | Reached XP level 5. HP: 30/30 MP: 8/10
  2843 | D:3      | Found a hide-covered altar of Uskayaw.
  3004 | D:3      | Learned a level 4 spell: Airstrike
  3375 | D:4      | Noticed Eustachio
  3393 | D:4      | Killed Eustachio
  3394 | D:4      | Reached skill level 6 in Air Magic
  3394 | D:4      | Reached XP level 6. HP: 3/36 MP: 4/13
  3742 | D:4      | Noticed Robin
  3767 | D:4      | Killed Robin
  3823 | D:4      | Found Emawn's Magic Scroll Shoppe.
  3831 | D:4      | Bought a scroll of identify for 24 gold pieces
  4116 | D:4      | Reached skill level 7 in Air Magic
  4238 | D:5      | Entered Level 5 of the Dungeon
  4292 | D:5      | Noticed an ice beast
  4306 | D:5      | Killed an ice beast
  4307 | D:5      | Reached XP level 7. HP: 40/40 MP: 11/14
  4431 | D:5      | Found Duosm's Armour Emporium.
  4472 | D:5      | Found a radiant altar of Vehumet.
  4542 | D:5      | Reached skill level 5 in Spellcasting
  4591 | D:5      | Reached skill level 8 in Air Magic
  4638 | D:5      | Became a worshipper of Vehumet
  4766 | D:6      | Noticed Edmund
  4770 | D:6      | Killed Edmund
  4974 | D:6      | Reached XP level 8. HP: 45/48 MP: 7/17
  5153 | D:6      | Noticed Maggie
  5201 | D:6      | Noticed Grinder
  5204 | D:6      | Killed Grinder
  5205 | D:6      | Reached skill level 9 in Air Magic
  5403 | D:6      | Killed Maggie
  5457 | D:6      | Reached skill level 10 in Air Magic
  5535 | D:6      | Reached XP level 9. HP: 49/52 MP: 8/20
  5535 | D:6      | Identified a scroll of acquirement
  5535 | D:6      | Acquired 1390 gold pieces
  6107 | D:7      | Reached skill level 5 in Fighting
  6370 | D:7      | Reached skill level 11 in Air Magic
  6431 | D:7      | Found a staircase to the Ecumenical Temple.
  6478 | D:7      | Noticed a purple ugly thing
  6929 | D:7      | Killed a purple ugly thing
  6981 | D:7      | Found a staircase to the Ecumenical Temple.
  7213 | D:8      | Noticed a cyclops
  7217 | D:8      | Killed a cyclops
  7218 | D:8      | Reached XP level 10. HP: 20/60 MP: 7/23
  8060 | D:9      | Noticed a two-headed ogre
  8077 | D:9      | Killed a two-headed ogre
  8078 | D:9      | Reached skill level 12 in Air Magic
  8167 | D:9      | Found a shimmering blue altar of Sif Muna.
  8195 | D:9      | Found a blossoming altar of Fedhas.
  8244 | D:9      | Noticed a skeletal warrior
  8245 | D:9      | Noticed a skeletal warrior
  8251 | D:9      | Noticed a skeletal warrior
  8269 | D:9      | Killed a skeletal warrior
  8269 | D:9      | Reached * piety under Vehumet
  8323 | D:9      | Reached skill level 5 in Dodging
  8516 | D:9      | Noticed a two-headed ogre
  8535 | D:9      | Killed a two-headed ogre
  8536 | D:9      | Reached skill level 13 in Air Magic
  9055 | D:8      | HP: 1/61 [skeletal warrior[a skeletal warrior] (18)]
  9368 | D:9      | Killed a skeletal warrior
  9369 | D:9      | Reached XP level 11. HP: 66/66 MP: 6/25
  9441 | D:9      | Noticed a two-headed ogre
  9445 | D:9      | Killed a two-headed ogre
  9484 | D:9      | Found a hazy altar of Hepliaklqana.
  9651 | D:9      | Found a shimmering altar of Xom.
  9778 | D:10     | Entered Level 10 of the Dungeon
  9877 | D:10     | Noticed Nergalle
  9962 | D:9      | Killed Nergalle
 10093 | D:10     | Found a basalt altar of Yredelemnul.
 10115 | D:10     | Noticed Gastronok
 10115 | D:10     | Noticed Harold
 10133 | D:9      | Slain by Harold

Illustrated notes

Levels and vault maps discovered:
D:1:      sevenhm_arrival_forest_fort_large_3, layout_loops_cross,
          minmay_misc_feat_alley, minmay_hexomino_c4
D:2:      minmay_spotlight, layout_rooms, basic_altar
D:3:      layout_loops_ring, nicolae_overflow_hidden_temple,
          nicolae_uskayaw_suspiria, uniq_jessica
D:4:      layout_loops_ring, serial_shops, nicolae_shop_waterfront,
          uniq_eustachio, uniq_robin
D:5:      layout_basic, nicolae_vehumet_radiance, serial_shops, shop
D:6:      layout_basic, uniq_maggie, uniq_edmund, uniq_grinder
D:7:      layout_gridville, minmay_temple_entry_junction_2
D:8:      layout_cave_pods
D:9:      layout_basic, lemuel_coloured_pillars_altar,
          nicolae_hepliaklqana_hippocampus, tgw_sif, old_standard_altar
D:10:     layout_rooms, lemuel_tele_altar, old_standard_altar,
          kiku_gazebo_garden_becter, overflow_temple_1_default,
          lair_entry_dummy, grunt_livestock, uniq_gastronok, uniq_harold,
          uniq_nergalle

Skill      XL: |  1  2  3  4  5  6  7  8  9 10 11 |
---------------+----------------------------------+-----
Fighting       | 1 2 3 4 6 7 |  7.2
Air Magic      | 5 6 7 8 10 11 13 | 13.6
Spellcasting   | 3 4 5 6 8 9 |  9.8
Dodging        | 4 5 6 |  6.1
Stealth        | |  2.0
Shields        | |  0.7
Conjurations   | |  1.3

Action                   |  1- 3 |  4- 6 |  7- 9 | 10-12 || total
-------------------------+-------+-------+-------+-------++-------
Melee: Short sword       |    12 |       |       |       ||    12
       Kick              |     1 |       |       |       ||     1
       Peck              |     1 |       |       |       ||     1
 Cast: Shock             |    70 |   127 |    14 |     4 ||   215
       Airstrike         |       |       |    96 |    85 ||   181
Evoke: Wand              |       |       |       |     1 ||     1
  Use: Scroll            |       |     4 |    11 |     4 ||    19
Armor: Robe              |    16 |       |     6 |     2 ||    24
Dodge: Dodged            |    44 |    10 |    18 |    25 ||    97
Block: Buckler           |       |       |       |     6 ||     6

Table legend: (Time is in decaauts)
 A = Elapsed time spent in this place.
 B = Non-inter-level travel time spent in this place.
 C = Inter-level travel time spent in this place.
 D = Time resting spent in this place.
 E = Time spent auto-exploring this place.
 F = Levels seen in this place.
 G = Mean time per level.
                   A        B        C        D        E       F      G
               +--------+--------+--------+--------+--------+-----+--------+
         Total |   9743 |   9325 |    418 |    758 |   7276 |  10 |  974.3 |
       Dungeon |   9743 |   9325 |    418 |    758 |   7276 |  10 |  974.3 |
               +--------+--------+--------+--------+--------+-----+--------+

Top non-repeatable levels by time:
     D:9: 1527 daAuts
     D:1: 1320 daAuts
     D:8: 1204 daAuts
     D:4: 1137 daAuts
     D:3: 1081 daAuts
     D:7: 968 daAuts
     D:6: 943 daAuts
     D:5: 863 daAuts
     D:2: 611 daAuts
    D:10: 84 daAuts
